 Dungeon Crawl Stone Soup version 0.30.0-12-gd5a94ecb5d (webtiles) character file.

Game seed: 1029573720716941839

96471 Ijustatesigmund the Blocker (level 16, -2/129 HPs)
             Began as a Gnoll Fighter on May 16, 2023.
             Was a High Priest of Okawaru.
             Collided with a crystal wall (15 damage)
             ... caused by a rakshasa
             ... on level 15 of the Dungeon on May 17, 2023.
             The game lasted 00:45:40 (24895 turns).

Ijustatesigmund the Blocker (Gnoll Fighter)        Turns: 24895, Time: 00:45:41

Health: -2/129     AC: 24    Str: 14    XL:     16   Next: 17%
Magic:  18/31      EV: 17    Int: 11    God:    Okawaru [*****.]
Gold:   890        SH:  0    Dex: 18    Spells: 33/37 levels left

rFire   + . .        i - +10 battleaxe of Xiwk {flame, rElec Dex+6}
rCold   . . .        (shield currently unavailable)
rNeg    + . .        b - +8 ring mail of Discretion {Rampage rCorr}
rPois   .            F - +1 helmet
rElec   +            x - +1 cloak
rCorr   +            (no gloves)
SInv    .            j - +2 pair of boots {Fly}
Will    ++++.        K - amulet "Xocakheb" {+Blink Regen+ rCorr Str-5 Int+2}
Stlth   ++++         e - ring of Igysuyt {rF+ rN+ Will+++ Str-3 Slay+2}
HPRegen 1.21/turn    p - +4 ring of slaying
MPRegen 0.22/turn

%: rampage
@: lethally poisoned (-2 -> -2), flying
A: fangs 1, strong nose, distributed training
a: Renounce Religion, Evoke Blink, Heroism, Finesse, Duel


You were on level 15 of the Dungeon.
You worshipped Okawaru.
Okawaru was extremely pleased with you.
You visited 4 branches of the dungeon, and saw 23 of its levels.
You also visited: Ice Cave.

You collected 2106 gold pieces.
You spent 1216 gold pieces at shops.

Inventory:

Hand Weapons
 a - a +2 broad axe of freezing
 i - the +10 battleaxe of Xiwk (weapon) {flame, rElec Dex+6}
   (You bought it in a shop on level 2 of the Dungeon)

   Dex:       It affects your dexterity (+6).
   rElec:     It insulates you from electricity.
 L - the +4 hand crossbow "Odwiaw" {flame, rElec}
   (Okawaru gifted it to you in an ice cave)

   rElec:     It insulates you from electricity.
 S - the +11 flail of Postoquc {elec, Dex+6 Stlth+}
   (You found it on level 15 of the Dungeon)

   Dex:       It affects your dexterity (+6).
   Stlth:     It makes you more stealthy.
Missiles
 G - a throwing net (quivered)
Armour
 b - the +8 ring mail of Discretion (worn) {Rampage rCorr}
   (You found it on level 4 of the Dungeon)

   rCorr:     It protects you from acid and corrosion.
   Rampage:   It bestows one free step when moving towards enemies.
 j - a +2 pair of boots of flying (worn)
 x - a +1 cloak (worn)
 F - a +1 helmet (worn)
 V - the +1 helmet of the Valley of Death {+Inv Fly rC- Dex+3}
   (You found it on level 4 of the Lair of Beasts)

   Dex:       It affects your dexterity (+3).
   rC:        It makes you vulnerable to cold.
   +Inv:      It lets you turn invisible.
   Fly:       It grants you flight.
Jewellery
 e - the ring of Igysuyt (left hand) {rF+ rN+ Will+++ Str-3 Slay+2}
   (You acquired it on level 3 of the Dungeon)

   [ring of protection from fire]

   Str:       It affects your strength (-3).
   Slay:      It affects your accuracy & damage with ranged weapons and melee
   (+2).
   rF:        It protects you from fire.
   rN:        It protects you from negative energy.
   Will:      It greatly increases your willpower.
 h - a ring of protection from cold
 p - a +4 ring of slaying (right hand)
 y - a ring of poison resistance
 D - a ring of ice
 I - a ring of positive energy
 K - the amulet "Xocakheb" (around neck) {+Blink Regen+ rCorr Str-5 Int+2}
   (You bought it in a shop on level 2 of the Dungeon)

   [amulet of regeneration]

   Str:       It affects your strength (-5).
   Int:       It affects your intelligence (+2).
   +Blink:    It lets you blink.
   Regen:     It increases your rate of health regeneration.
   rCorr:     It protects you from acid and corrosion.
 N - a ring of protection from fire
 P - the ring "Yreh" {Wiz Stlth+}
   (You found it in an ice cave)

   [ring of wizardry]

   It improves your spell success rate.
   Stlth:     It makes you more stealthy.
 T - a ring of willpower
 W - an amulet of faith
 Y - a ring of protection from cold
 Z - a ring of protection from fire
Wands
 f - a wand of mindburst (9)
 q - a wand of acid (3)
 r - a wand of iceblast (17)
 s - a wand of polymorph (7)
 w - a wand of paralysis (9)
 A - a wand of flame (50)
 O - a wand of digging (7)
Scrolls
 c - 7 scrolls of teleportation
 m - 2 scrolls of poison
 t - 2 scrolls of immolation
 z - 8 scrolls of identify
 B - a scroll of torment {unknown}
 C - 2 scrolls of fear
 E - 2 scrolls of enchant weapon
 H - a scroll of silence
 J - a scroll of butterflies
 R - 5 scrolls of blinking
 U - 2 scrolls of amnesia
Potions
 d - a potion of might
 g - 2 potions of magic
 k - a potion of invisibility
 l - 3 potions of ambrosia
 n - 4 potions of brilliance
 o - 2 potions of flight
 u - 8 potions of curing
 v - 2 potions of haste
 M - 2 potions of mutation
 Q - a potion of resistance
 X - a potion of attraction


   Skills:
 + Level 12.7 Fighting
 + Level 11.0 Short Blades
 + Level 11.0 Long Blades
 + Level 11.9 Axes
 + Level 11.0 Maces & Flails
 + Level 11.0 Polearms
 + Level 11.0 Staves
 + Level 11.0 Ranged Weapons
 + Level 11.0 Throwing
 + Level 12.7 Armour
 + Level 11.0 Dodging
 + Level 11.0 Stealth
 + Level 12.7 Shields
 + Level 11.0 Unarmed Combat
 + Level 11.0 Spellcasting
 + Level 9.3 Conjurations
 + Level 9.3 Hexes
 + Level 9.3 Summonings
 + Level 9.3 Necromancy
 + Level 9.3 Translocations
 + Level 9.3 Transmutations
 + Level 9.3 Fire Magic
 + Level 9.3 Ice Magic
 + Level 9.3 Air Magic
 + Level 9.3 Earth Magic
 + Level 9.3 Poison Magic
 + Level 12.0 Invocations
 + Level 11.0 Evocations


You had 33 spell levels left.
You knew the following spells:

 Your Spells              Type           Power      Damage    Failure   Level
a - Iskenderun's Mystic   Conj/Tloc      26%        2d7       4%          4

Your spell library contained the following spells:

 Spells                   Type           Power      Damage    Failure   Level
 Beastly Appendage        Tmut           52%        N/A       1%          1
 Necrotise                Necr           100%       1d9       1%          1
 Shock                    Conj/Air       100%       1d9       1%          1
 Blink                    Tloc           52%        N/A       1%          2
 Static Discharge         Conj/Air       52%        2-5/arc   1%          2
 Wereblood                Tmut           26%        N/A       1%          2
 Dazzling Flash           Conj/Hex       52%        N/A       1%          3
 Spider Form              Tmut/Pois      26%        N/A       1%          3
 Swiftness                Air            26%        N/A       1%          3
 Vampiric Draining        Necr           26%        2d7       1%          3
 Vhi's Electric Charge    Tloc/Air       52%        N/A       1%          3
 Volatile Blastmotes      Fire/Tloc      52%        2d14      1%          3
 Airstrike                Air            13%        2d(2-18)  4%          4
 Manifold Assault         Tloc           26%        N/A       4%          4
 Agony                    Necr           26%        N/A       12%         5
 Arcjolt                  Conj/Air       13%        1d23      12%         5
 Borgnjor's Vile Clutch   Necr/Erth      13%        N/A       12%         5
 Eringya's Noxious Bog    Tmut/Pois      13%        N/A       54%         6
 Plasma Beam              Fire/Air       13%        2x1d26    54%         6
 Starburst                Conj/Fire      13%        6d5       54%         6
 Storm Form               Tmut/Air       13%        N/A       98%         7
 Animate Dead             Necr           Unusable   N/A       N/A         4
 Summon Lightning Spire   Summ/Air       Unusable   N/A       N/A         4
 Summon Forest            Summ/Tloc      Unusable   N/A       N/A         5
 Death Channel            Necr           Unusable   N/A       N/A         6
 Summon Hydra             Summ           Unusable   N/A       N/A         7

Dungeon Overview and Level Annotations

Branches:
Dungeon (15/15)            Temple (1/1) D:6            Lair (5/5) D:9
  Swamp (0/4) Lair:3        Snake (0/4) Lair:2        Slime (0/5) Lair:4
    Orc (2/2) D:9             Elf (0/3) Orc:2        Vaults (0/5) D:14
  IceCv (visited)
 Depths: D:15

Altars:
Ashenzari
Cheibriados
Dithmenos
Elyvilon
Fedhas
Gozag
Hepliaklqana
Kikubaaqudgha
Makhleb
Nemelex Xobeh
Okawaru
Qazlal
Ru
Sif Muna
Trog
Uskayaw
Vehumet
Wu Jian
Xom
Yredelemnul
Zin
The Shining One

Shops:
D:2 =[?(   D:3 (   Orc:1 *   Orc:2 :(:([

Annotations:
D:13 6 transporters


Innate Abilities, Weirdness & Mutations

You have very sharp teeth.
Your uncanny sense of smell can sniff out nearby items.
Your experience applies equally to all skills.


Message History

You slash the rakshasa! You burn the rakshasa.
The rakshasa is severely wounded.
You slash the great orb of eyes! You burn the great orb of eyes.
The injured rakshasa weaves a defensive illusion!
You feel sick.
The great orb of eyes completely misses you.
The rakshasa hits you with a +0 trident!
The rakshasa hits you from afar with a +0 trident.
You are too injured to fight recklessly!
Unknown command.
Casting: Iskenderun's Mystic Blast (mildly dangerous; 4% risk of failure)
Confirm with . or Enter, or press ? or * to list all spells.
You erupt in a blast of force!
The mystic blast hits the rakshasa.
The rakshasa is severely wounded.
The rakshasa is knocked back by the mystic blast.
The rakshasa slams into the crystal wall!
The rakshasa is severely wounded.
The mystic blast hits the rakshasa.
The rakshasa is severely wounded.
The rakshasa is knocked back by the mystic blast.
The rakshasa slams into the crystal wall!
The mystic blast hits the great orb of eyes.
The great orb of eyes is severely wounded.
The great orb of eyes is knocked back by the mystic blast.
The mystic blast hits the rakshasa but does no damage.
The rakshasa is heavily wounded.
You feel sick.
The rakshasa hits you with a +0 trident!
The rakshasa hits you from afar with a +0 trident!
* * * LOW HITPOINT WARNING * * *
You feel sick. The rakshasa closely misses you.
The rakshasa hits you from afar with a +0 trident.
* * * LOW HITPOINT WARNING * * *
The great orb of eyes completely misses you.
The rakshasa gestures at you. The lance of force hits you!!
* * * LOW HITPOINT WARNING * * *
You are knocked back by the lance of force.
You slam into the crystal wall!
You die...

###.....(. #
##....... .##
##.......# ..#
#........[ ##.##
##......... ##...##
#.......... #.R...#
##..........
#RRG..#
#...........
#.@†####......#....
##.##.#..#......#(.
#'#...............
#.#..####.........
#...####..#.......
##..###...####....
#....###...#####..
##............<...
###......#####..#..


You could see a great orb of eyes and 3 rakshasas.

Vanquished Creatures
  Jorgrun (D:15)
  Frances (D:13)
  Kirke (Lair:5)
  2 frost giants (IceCv)
  An orc warlord (Orc:2)
  Azrael (D:15)
  A white draconian (IceCv)
  An ettin (D:14)
  2 hydras (Lair:5)
  Erolcha (D:11)
  2 catoblepae
  5 ironbound frosthearts (IceCv)
  8 boulder beetles
  An ogre mage (D:15)
  2 ghost crabs (Lair:3)
  A death knight (D:15)
  A tengu warrior (D:13)
  A deep troll shaman (Lair:5)
  3 centaur warriors
  Urug (Lair:5)
  3 death yaks (Lair:5)
  4 two-headed ogres
  Amaemon (Lair:1)
  2 skysharks
  A spectral catoblepas (Lair:3)
  A deep troll (D:14)
  A wizard (D:13)
  Pikel (D:6)
  An orc knight (D:14)
  4 deep elf pyromancers
  5 cyclopes
  2 oklob plants (Lair:4)
  27 ugly things
  3 manticores
  Joseph (Lair:1)
  7 black mambas
  2 elephants (Lair:5)
  A torpor snail (Lair:5)
  An orange demon (Lair:1)
  Maggie (D:6)
  10 cane toads
  2 unseen horrors
  16 rime drakes
  An efreet (D:15)
  A spectral skyshark (Lair:3)
  4 freezing wraiths
  6 komodo dragons
  7 trolls
  6 meliai
  14 polar bears
  12 blink frogs
  A spectral elephant (Lair:3)
  3 hornets (shapeshifter)
  5 dream sheep (Lair:5)
  A shadow (D:11)
  3 slime creatures
  A spectral black mamba (Lair:3)
  5 wraiths
  A culicivora (shapeshifter) (D:13)
  A spriggan (shapeshifter) (D:14)
  46 yaks
  A wyvern (Lair:3)
  3 basilisks
  2 fire elementals (D:14)
  3 hogs (Lair:5)
  7 vampire mosquitoes
  A spectral fire crab (Lair:3)
  Menkaure (D:4)
  4 steam dragons
  Edmund (D:6)
  4 wargs
  5 acid dragons
  13 water moccasins
  A floating eye (Lair:4)
  2 black bears
  4 hell hounds (D:14)
  35 orc warriors
  An ice beast (D:5)
  A sky beast (D:7)
  4 centaurs
  5 wolves (Lair:5)
  A lemure (D:6)
  13 ogres
  5 bullfrogs
  2 kobold brigands
  A spectral wyvern (Lair:3)
  3 gnoll sergeants
  Blork the orc (D:6)
  3 scorpions
  4 wights (D:9)
  15 killer bees (D:9)
  5 howler monkeys
  11 orc priests
  2 hounds (D:6)
  5 jellies
  A gnoll bouda (D:7)
  7 iguanas
  30 orc wizards
  20 gnolls
  9 adders
  A river rat (D:4)
  2 white imps
  2 worms (D:4)
  70 orcs
  10 ball pythons
  4 endoplasms
  6 giant cockroaches
  12 hobgoblins
  17 kobolds
  2 quokkas
  5 bats (D:1)
  2 frilled lizards (D:2)
  9 goblins
  12 rats
642 creatures vanquished.

Vanquished Creatures (others)
  An ugly thing (IceCv)
  An unseen horror (D:13)
  A rime drake (IceCv)
3 creatures vanquished.

Grand Total: 645 creatures vanquished

Notes
Turn   | Place    | Note
-------+----------+-------------------------------------------
     0 | D:1      | Ijustatesigmund the Gnoll Fighter began the quest for the
                  | Orb.
     0 | D:1      | Reached XP level 1. HP: 23/23 MP: 1/1
   183 | D:1      | Reached XP level 2. HP: 29/29 MP: 2/2
   664 | D:1      | Reached XP level 3. HP: 35/35 MP: 3/3
  1029 | D:2      | Reached skill level 1 in Invocations
  1062 | D:2      | Found Peluno Jogya's Antique Armour Emporium.
  1122 | D:2      | Found Heiwisux's Magic Scroll Boutique.
  1126 | D:2      | Bought a scroll of identify for 24 gold pieces
  1220 | D:2      | Reached skill level 1 in Short Blades
  1220 | D:2      | Reached skill level 1 in Long Blades
  1220 | D:2      | Reached skill level 1 in Maces & Flails
  1220 | D:2      | Reached skill level 1 in Polearms
  1220 | D:2      | Reached skill level 1 in Staves
  1220 | D:2      | Reached skill level 1 in Ranged Weapons
  1220 | D:2      | Reached skill level 1 in Throwing
  1220 | D:2      | Reached skill level 1 in Dodging
  1220 | D:2      | Reached skill level 1 in Stealth
  1220 | D:2      | Reached skill level 1 in Unarmed Combat
  1220 | D:2      | Reached skill level 1 in Spellcasting
  1220 | D:2      | Reached skill level 1 in Evocations
  1249 | D:2      | Found Jutepreq's Jewellery Boutique.
  1258 | D:2      | Reached XP level 4. HP: 41/41 MP: 5/5
  1310 | D:2      | Found Qucvich's Antique Weapon Emporium.
  1383 | D:3      | Found Tussoeja's Weapon Shoppe.
  1539 | D:3      | Reached skill level 1 in Conjurations
  1539 | D:3      | Reached skill level 1 in Hexes
  1539 | D:3      | Reached skill level 1 in Summonings
  1539 | D:3      | Reached skill level 1 in Necromancy
  1539 | D:3      | Reached skill level 1 in Translocations
  1539 | D:3      | Reached skill level 1 in Transmutations
  1539 | D:3      | Reached skill level 1 in Fire Magic
  1539 | D:3      | Reached skill level 1 in Ice Magic
  1539 | D:3      | Reached skill level 1 in Air Magic
  1539 | D:3      | Reached skill level 1 in Earth Magic
  1539 | D:3      | Reached skill level 1 in Poison Magic
  2217 | D:3      | Identified a scroll of acquirement
  2217 | D:3      | Acquired the ring of Igysuyt {rF+ rN+ Will+++ Str-3 Slay+2}
  2664 | D:4      | Reached XP level 5. HP: 47/47 MP: 7/7
  2716 | D:4      | Noticed Menkaure
  2722 | D:4      | Killed Menkaure
  2723 | D:4      | Reached XP level 6. HP: 19/53 MP: 8/8
  2869 | D:4      | Reached skill level 5 in Axes
  2912 | D:4      | Identified the +8 ring mail of Discretion {Rampage rCorr}
  2981 | D:4      | Identified the +3 quarterstaff of Hacking and Slashing
                  | {pain, Drain rElec rN+ Int+2 Dex+3}
  3324 | D:4      | Reached XP level 7. HP: 60/60 MP: 10/10
  3415 | D:2      | Bought a brightly glowing battleaxe for 253 gold pieces
  3415 | D:2      | Identified the +10 battleaxe of Xiwk {flame, rElec Dex+6}
                  | (You bought it in a shop on level 2 of the Dungeon)
  3549 | D:5      | Entered Level 5 of the Dungeon
  4164 | D:5      | Reached XP level 8. HP: 67/67 MP: 12/12
  4526 | D:6      | Noticed Edmund
  4531 | D:6      | Killed Edmund
  4603 | D:6      | Found a staircase to the Ecumenical Temple.
  4639 | Temple   | Entered the Ecumenical Temple
  4878 | D:6      | Noticed Maggie
  4893 | D:6      | Killed Maggie
  5100 | D:6      | Noticed Pikel
  5117 | D:6      | Killed Pikel
  5118 | D:6      | Reached XP level 9. HP: 60/74 MP: 13/15
  5333 | D:6      | Noticed Blork the orc
  5338 | D:6      | Killed Blork the orc
  5895 | D:7      | Reached skill level 5 in Invocations
  6737 | D:8      | Found a burning altar of Makhleb.
  6737 | D:8      | Found a sparkling altar of Nemelex Xobeh.
  6737 | D:8      | Found a glowing golden altar of the Shining One.
  6737 | D:8      | Found a hide-covered altar of Uskayaw.
  6750 | D:8      | Reached skill level 5 in Short Blades
  6750 | D:8      | Reached skill level 5 in Long Blades
  6750 | D:8      | Reached skill level 5 in Maces & Flails
  6750 | D:8      | Reached skill level 5 in Polearms
  6750 | D:8      | Reached skill level 5 in Staves
  6750 | D:8      | Reached skill level 5 in Ranged Weapons
  6750 | D:8      | Reached skill level 5 in Throwing
  6750 | D:8      | Reached skill level 5 in Dodging
  6750 | D:8      | Reached skill level 5 in Stealth
  6750 | D:8      | Reached skill level 5 in Unarmed Combat
  6750 | D:8      | Reached skill level 5 in Spellcasting
  6750 | D:8      | Reached skill level 5 in Evocations
  6750 | D:8      | Reached XP level 10. HP: 72/81 MP: 17/17
  7792 | D:9      | Found a staircase to the Lair.
  8158 | D:9      | Found a staircase to the Orcish Mines.
  8411 | D:9      | Found an iron altar of Okawaru.
  8700 | D:10     | Entered Level 10 of the Dungeon
  9192 | D:10     | Reached skill level 5 in Conjurations
  9192 | D:10     | Reached skill level 5 in Hexes
  9192 | D:10     | Reached skill level 5 in Summonings
  9192 | D:10     | Reached skill level 5 in Necromancy
  9192 | D:10     | Reached skill level 5 in Translocations
  9192 | D:10     | Reached skill level 5 in Transmutations
  9192 | D:10     | Reached skill level 5 in Fire Magic
  9192 | D:10     | Reached skill level 5 in Ice Magic
  9192 | D:10     | Reached skill level 5 in Air Magic
  9192 | D:10     | Reached skill level 5 in Earth Magic
  9192 | D:10     | Reached skill level 5 in Poison Magic
  9196 | D:10     | Reached XP level 11. HP: 82/89 MP: 20/20
 10230 | D:11     | Noticed a cyclops
 10231 | D:11     | Noticed a centaur warrior
 10235 | D:11     | Killed a cyclops
 10237 | D:11     | Killed a centaur warrior
 10611 | D:11     | Noticed Erolcha
 10617 | D:11     | Killed Erolcha
 10831 | D:12     | Noticed a two-headed ogre
 10847 | D:11     | HP: 4/89 [large slime creature (31)]
 11112 | D:9      | Became a worshipper of Warmaster Okawaru
 11330 | D:12     | Killed a two-headed ogre
 11330 | D:12     | Reached * piety under Okawaru
 11331 | D:12     | Reached XP level 12. HP: 97/97 MP: 22/22
 11358 | D:12     | Noticed a two-headed ogre
 11366 | D:12     | Killed a two-headed ogre
 11601 | D:13     | Noticed Frances
 11608 | D:13     | Killed Frances
 11651 | D:13     | Reached ** piety under Okawaru
 11655 | D:13     | Reached skill level 10 in Fighting
 11655 | D:13     | Reached skill level 10 in Armour
 11655 | D:13     | Reached skill level 10 in Shields
 11896 | D:13     | Noticed a boulder beetle
 11898 | D:13     | Found a transporter.
 12205 | D:12     | Killed a boulder beetle
 12531 | D:13     | Reached *** piety under Okawaru
 12952 | D:13     | Found a transporter.
 12956 | D:13     | Found a transporter.
 12973 | D:13     | Found a transporter.
 13040 | D:13     | Noticed a tengu warrior
 13050 | D:13     | Killed a tengu warrior
 13591 | D:2      | Bought the amulet "Xocakheb" {+Blink Regen+ rCorr Str-5
                  | Int+2} for 519 gold pieces
 13847 | D:13     | Found a transporter.
 13849 | D:13     | Found a transporter.
 13946 | D:13     | Reached **** piety under Okawaru
 13952 | D:13     | Noticed a boulder beetle
 13964 | D:13     | Killed a boulder beetle
 13977 | D:13     | Noticed a two-headed ogre
 13977 | D:13     | Noticed a boulder beetle
 13986 | D:13     | Killed a two-headed ogre
 13987 | D:13     | Killed a boulder beetle
 14131 | D:13     | Noticed a boulder beetle
 14136 | D:13     | Killed a boulder beetle
 14137 | D:13     | Reached XP level 13. HP: 99/104 MP: 25/25
 14234 | D:14     | Reached ***** piety under Okawaru
 14248 | D:14     | Found a frozen archway.
 14261 | D:14     | Identified the +1 robe "Qidohaq" {-Cast rC+ Dex+6}
 14269 | IceCv    | Entered an ice cave
 14423 | IceCv    | Identified the +4 hand crossbow "Odwiaw" {flame, rElec}
                  | (Okawaru gifted it to you in an ice cave)
 14423 | IceCv    | Received a gift from Okawaru
 14637 | IceCv    | Upgraded the game from 0.30.0-10-gfe55d96785 to
                  | 0.30.0-12-gd5a94ecb5d
 15141 | IceCv    | Noticed a white draconian
 15146 | IceCv    | Reached skill level 10 in Axes
 15156 | IceCv    | Killed a white draconian
 15247 | IceCv    | Noticed a frost giant
 15247 | IceCv    | Noticed a frost giant
 15263 | IceCv    | Received a gift from Okawaru
 15272 | IceCv    | Reached skill level 10 in Invocations
 15272 | IceCv    | Reached XP level 14. HP: 29/113 MP: 22/27
 15323 | IceCv    | Killed a frost giant
 15323 | IceCv    | Received a gift from Okawaru
 15466 | IceCv    | Killed a frost giant
 15513 | IceCv    | Identified the ring "Yreh" {Wiz Stlth+}
 15681 | D:14     | HP: 4/113 [ettin/+0 dire flail (22)]
 16308 | Arena    | Entered the Arena
 16452 | D:14     | Found a stormy altar of Qazlal.
 16581 | D:14     | Found a gate to the Vaults.
 16719 | Lair:1   | Entered Level 1 of the Lair of Beasts
 16857 | Lair:1   | Noticed Joseph
 16862 | Lair:1   | Killed Joseph
 16913 | Lair:1   | Noticed Amaemon
 16920 | Lair:1   | Killed Amaemon
 17652 | Lair:2   | Found a staircase to the Snake Pit.
 18308 | Lair:3   | Received a gift from Okawaru
 18584 | Lair:3   | Found a staircase to the Swamp.
 19054 | Lair:3   | Received a gift from Okawaru
 19315 | Lair:3   | Reached skill level 10 in Short Blades
 19315 | Lair:3   | Reached skill level 10 in Long Blades
 19315 | Lair:3   | Reached skill level 10 in Maces & Flails
 19315 | Lair:3   | Reached skill level 10 in Polearms
 19315 | Lair:3   | Reached skill level 10 in Staves
 19315 | Lair:3   | Reached skill level 10 in Ranged Weapons
 19315 | Lair:3   | Reached skill level 10 in Throwing
 19315 | Lair:3   | Reached skill level 10 in Dodging
 19315 | Lair:3   | Reached skill level 10 in Stealth
 19315 | Lair:3   | Reached skill level 10 in Unarmed Combat
 19315 | Lair:3   | Reached skill level 10 in Spellcasting
 19315 | Lair:3   | Reached skill level 10 in Evocations
 19493 | Lair:4   | Found a staircase to the Slime Pits.
 19505 | Lair:5   | Entered Level 5 of the Lair of Beasts
 19698 | Lair:4   | Reached XP level 15. HP: 117/120 MP: 29/29
 19985 | Lair:4   | Identified the +1 helmet of the Valley of Death {+Inv Fly
                  | rC- Dex+3}
 20319 | Lair:5   | Learned a level 3 spell: Volatile Blastmotes
 20588 | Lair:5   | Noticed Urug
 20592 | Lair:5   | Noticed Kirke
 20607 | Lair:5   | Killed Kirke
 20608 | Lair:5   | Killed Urug
 21109 | Lair:5   | Learned a level 4 spell: Iskenderun's Mystic Blast
 21558 | Lair:5   | Received a gift from Okawaru
 21918 | Orc:1    | Entered Level 1 of the Orcish Mines
 22011 | Orc:2    | Entered Level 2 of the Orcish Mines
 22151 | Orc:2    | Found a staircase to the Elven Halls.
 22205 | Orc:2    | Found Gucaf's Weapon Boutique.
 22316 | Orc:1    | Found Role's Mass Market.
 22687 | Orc:2    | Found a burning altar of Makhleb.
 22746 | Orc:2    | Received a gift from Okawaru
 22954 | Orc:2    | Noticed an orc warlord
 22986 | Orc:2    | Killed an orc warlord
 23049 | Orc:2    | Found Caqink's Antique Weapon Emporium.
 23051 | Orc:2    | Found Byxaps's Antique Armour Shoppe.
 23064 | Orc:2    | Bought a bloodstained orb for 420 gold pieces
 23064 | Orc:2    | Identified the orb of Suuchib {*Rage, Str+3} (You bought it
                  | in a shop on level 2 of the Orcish Mines)
 23082 | Orc:2    | Received a gift from Okawaru
 23105 | Orc:2    | Found Homoam's Book Shop.
 23262 | Orc:2    | Found Utweivvynn's Book Boutique.
 23575 | D:15     | Entered Level 15 of the Dungeon
 23807 | D:15     | Noticed Azrael
 23815 | D:15     | Noticed Jorgrun
 24022 | D:14     | Received a gift from Okawaru
 24505 | D:15     | Killed Jorgrun
 24505 | D:15     | Received a gift from Okawaru
 24506 | D:15     | Reached XP level 16. HP: 128/129 MP: 30/30
 24511 | D:15     | Killed Azrael
 24606 | D:15     | Identified the +11 flail of Postoquc {elec, Dex+6 Stlth+}
 24895 | D:15     | Collided with a crystal wall

Illustrated notes

Levels and vault maps discovered:
D:1:      dpeg_arrival_boxes_within_box, layout_basic, hangedman_decor_slide_cut
D:2:      layout_rooms, serial_shops, nicolae_shop_pleasant_corner_grove, shop,
          nicolae_shop_tiny_waterfront, shop
D:3:      layout_basic, serial_shops, nicolae_shop_bloodbath_and_beyond
D:4:      layout_basic, portal_sewer_entry_e, grunt_decor_cap, uniq_menkaure
D:5:      layout_loops_ring, wad_woods_river_04, grunt_decor_arrowhead
D:6:      layout_loops_ring, minmay_temple_entry_slanted, uniq_pikel,
          uniq_blork_the_orc, uniq_maggie, uniq_edmund
D:7:      layout_loops_corners
D:8:      layout_loops_cross, chequers_temple_overflow_statue_of_worship
D:9:      layout_cave_pods, lemuel_round_altar, lair_entry_dummy, orc_0_dummy,
          minmay_misc_feat_enclosed
D:10:     layout_irregular_city
D:11:     layout_basic, uniq_erolcha
D:12:     layout_cave_pools
D:13:     minmay_bubble_buster, layout_rooms, serial_nicolae_subway,
          nicolae_sub_station_metal, nicolae_sub_station_crystal,
          nicolae_sub_station_stone, uniq_frances
D:14:     layout_loops_cross, david_vaults_4,
          portal_ice_cave_entry_pillars_four, gauntlet_entry_generic,
          nicolae_qazlal_style_of_elements
D:15:     gammafunk_enter_depths_forms, layout_cave_pools,
          hangedman_decor_peaks_small, minivault_10, uniq_jorgrun, uniq_azrael
Temple:   minmay_crystal_spiral_temple
Lair:1:   layout_chaotic_city, chequers_serial_rivers_micro_c, uniq_amaemon,
          uniq_joseph
Lair:2:   layout_loops_ring, minmay_snake_entry_six_corridors,
          lemuel_old_faithful
Lair:3:   layout_gridlike, nicolae_swamp_entry_spooky
Lair:4:   layout_cave_shapes, nicolae_slime_entry_slimehenge, disabler_island,
          infiniplex_staircase_pool_2
Lair:5:   grunt_lair_end_beastmaster, layout_long_grid, uniq_urug, uniq_kirke
Orc:1:    layout_caves, minmay_shop_mass, minmay_orc_temple_a
Orc:2:    grunt_orc_community_town_hall, layout_diamond_mine,
          grunt_orc_community_big_house_2, grunt_orc_community_big_house_1,
          grunt_orc_community_house_3, grunt_orc_community_house_3,
          grunt_orc_community_house_1, grunt_orc_community_house_1,
          serial_shops, nicolae_shop_peninsula, bloody_makhleb

Skill      XL: |  1  2  3  4  5  6  7  8  9 10 11 12 13 14 15 16 |
---------------+-------------------------------------------------+-----
Invocations    | 1 2 3 4 5 6 7 8 10 11 12 | 12.0
Short Blades   | 1 2 3 4 5 6 7 8 9 10 11 | 11.0
Long Blades    | 1 2 3 4 5 6 7 8 9 10 11 | 11.0
Maces & Flails | 1 2 3 4 5 6 7 8 9 10 11 | 11.0
Polearms       | 1 2 3 4 5 6 7 8 9 10 11 | 11.0
Staves         | 1 2 3 4 5 6 7 8 9 10 11 | 11.0
Ranged Weapons | 1 2 3 4 5 6 7 8 9 10 11 | 11.0
Throwing       | 1 2 3 4 5 6 7 8 9 10 11 | 11.0
Dodging        | 1 2 3 4 5 6 7 8 9 10 11 | 11.0
Stealth        | 1 2 3 4 5 6 7 8 9 10 11 | 11.0
Unarmed Combat | 1 2 3 4 5 6 7 8 9 10 11 | 11.0
Spellcasting   | 1 2 3 4 5 6 7 8 9 10 11 | 11.0
Evocations     | 1 2 3 4 5 6 7 8 9 10 11 | 11.0
Conjurations   | 1 2 3 4 5 6 7 8 9 |  9.3
Hexes          | 1 2 3 4 5 6 7 8 9 |  9.3
Summonings     | 1 2 3 4 5 6 7 8 9 |  9.3
Necromancy     | 1 2 3 4 5 6 7 8 9 |  9.3
Translocations | 1 2 3 4 5 6 7 8 9 |  9.3
Transmutations | 1 2 3 4 5 6 7 8 9 |  9.3
Fire Magic     | 1 2 3 4 5 6 7 8 9 |  9.3
Ice Magic      | 1 2 3 4 5 6 7 8 9 |  9.3
Air Magic      | 1 2 3 4 5 6 7 8 9 |  9.3
Earth Magic    | 1 2 3 4 5 6 7 8 9 |  9.3
Poison Magic   | 1 2 3 4 5 6 7 8 9 |  9.3
Axes           | 5 6 7 8 9 10 11 | 11.9
Fighting       | 7 8 9 10 11 12 | 12.7
Armour         | 7 8 9 10 11 12 | 12.7
Shields        | 7 8 9 10 11 12 | 12.7

Action                     |  1- 3 |  4- 6 |  7- 9 | 10-12 | 13-15 | 16-18 || total
---------------------------+-------+-------+-------+-------+-------+-------++-------
  Melee: War axe           |    77 |   123 |    15 |       |       |       ||   215
         Bite              |     5 |     7 |    14 |    31 |   112 |     4 ||   173
         Battleaxe         |       |       |   130 |   257 |   810 |    42 ||  1239
   Cast: Iskenderun's Myst |       |       |       |       |     7 |     4 ||    11
         Volatile Blastmot |       |       |       |       |     3 |       ||     3
 Invoke: Heroism           |       |       |       |     1 |     8 |     1 ||    10
         Finesse           |       |       |       |       |     2 |     1 ||     3
         Duel              |       |       |       |       |     1 |       ||     1
Ability: Evoke Blink       |       |       |       |     1 |     1 |       ||     2
  Evoke: Wand              |       |       |       |     2 |     6 |       ||     8
    Use: Scroll            |     1 |     8 |     9 |     7 |     6 |       ||    31
         Potion            |       |     2 |       |     8 |     6 |     1 ||    17
   Stab: Sleeping          |       |       |    11 |    14 |    32 |     2 ||    59
         Paralysed         |       |       |       |     2 |       |       ||     2
         Invisible         |       |       |       |       |     1 |       ||     1
         Petrified         |       |       |       |       |     4 |       ||     4
         Distracted        |       |       |       |       |     3 |       ||     3
         Petrifying        |       |       |       |       |     3 |       ||     3
 Armour: Scale mail        |    32 |    27 |       |       |       |       ||    59
         Ring mail         |       |    17 |    50 |   182 |   456 |    19 ||   724
         Crystal plate arm |       |       |       |       |    99 |       ||    99
  Dodge: Dodged            |    24 |    56 |    72 |   264 |   701 |    40 ||  1157
  Block: Buckler           |    29 |    43 |    10 |       |       |       ||    82
